 Dungeon Crawl Stone Soup version 0.27-a0-1119-gbf574a6a6b (webtiles) character file.

Game seed: 15358819919412751701

2 jasper the Insei (level 1, 0/13 (15) HPs)
             Began as a Demonspawn Transmuter on May 2, 2021.
             Slain by a kobold
             ... wielding a +2 whip of draining
              (6 damage)
             ... on level 1 of the Dungeon.
             The game lasted 00:00:15 (80 turns).

jasper the Insei (Demonspawn Transmuter)              Turns: 80, Time: 00:00:16

HP:   0/13 (15)     AC:  2    Str: 10    XL:     1   Next: 25%
MP:   2/3           EV: 12    Int: 14    God:
Gold: 0             SH:  0    Dex: 13    Spells: 3/4 levels left

rFire    . . .     SeeInvis .     - Unarmed
rCold    . . .     Faith    .   (no shield)
rNeg     . . .     Spirit   .   a - +0 robe
rPois    .         Reflect  .   (helmet currently unavailable)
rElec    .         Harm     .   (no cloak)
rCorr    .         Rampage  .   (no gloves)
Will     .....                  (boots currently unavailable)
Stlth    +.........             (no amulet)
HPRegen  0.04/turn              (no ring)
MPRegen  0.08/turn              (no ring)

@: appendages (expiring), heavily drained
A: horns 2, talons 2
a: End Transformation


You were on level 1 of the Dungeon.
You had temporarily grown beastly horns and talons.
You visited 1 branch of the dungeon, and saw 1 of its levels.

Inventory:

Armour
 a - a +0 robe (worn)
Potions
 b - a potion of curing {unknown}


   Skills:
 + Level 1.1 Fighting
 - Level 1.7 Dodging
 + Level 2.7 Unarmed Combat
 - Level 2.0 Spellcasting
 - Level 1.7 Transmutations


You had 3 spell levels left.
You knew the following spells:

 Your Spells              Type           Power      Damage    Failure   Level
a - Beastly Appendage     Tmut           12%        N/A       12%         1

Your spell library contained the following spells:

 Spells                   Type           Power      Damage    Failure   Level
 Wereblood                Tmut           6%         N/A       17%         2
 Spider Form              Tmut/Pois      1%         N/A       45%         3
 Ice Form                 Ice/Tmut       3%         N/A       86%         4
 Hydra Form               Tmut           3%         N/A       97%         5


Dungeon Overview and Level Annotations

Branches:
Dungeon (1/15)

Altars:


Innate Abilities, Weirdness & Mutations

You have temporarily grown beastly horns and talons.


Message History

You take 2 damage, and have 13/15 hp.
You hit the kobold.
You kill the kobold!
Your transformation is almost over.
The hobgoblin barely misses you.
You hit the hobgoblin.
You claw the hobgoblin, but do no damage.
You headbutt the hobgoblin.
You kill the hobgoblin!
You see here a hobgoblin corpse.
Things that are here:
a +0 short sword; 2 stones Your horns disappear.
Your talons disappear.
Magic restored.
HP restored.
b - an inky potion Health restored: 15; MP restored: 3 You open the door.
A kobold comes into view. It is wielding a +2 whip of draining.
A kobold is nearby!
Casting: Beastly Appendage (safe; 12% risk of failure)
Press: ? - help, Q - select action Dir - look around, f - activate You grow a pair of large bovine horns.
Your feet morph into talons.
The kobold shouts!
The kobold throws a stone.
The stone closely misses you.
You now have 2/3 mp.
The kobold throws a stone.
The stone closely misses you.
The kobold hits you with a +2 whip of draining.
You feel drained.
There is an open door, spattered with blood here.
You take 6 damage, and have 9/14 hp.
MASSIVE DAMAGE!!
You hit the kobold but do no damage.
You headbutt the kobold, but do no damage.
The kobold hits you with a +2 whip of draining.
You feel drained.
You take 4 damage, and have 5/13 hp.
MASSIVE DAMAGE!!
You barely miss the kobold. Your kick misses the kobold.
Your transformation is almost over.
The kobold hits you with a +2 whip of draining.
You die...

.8..8..8###.###.#
........##..†...# .#
#.########......##.#
###...###..........#####
#.............#.......
#.#.####......#.......
#.#.# #......#.......
###.####......#K......
#........###..@.......
###.#.####.# #.##.......
#.......# .# #.# .......
#.#..##.# ## #.# .......
#.#..##.######.# .......
# #............# .......
#.....#.######## #######
#.#...... #.#...#.##


You could see a kobold.

Vanquished Creatures
  A hobgoblin (D:1)
  A kobold (D:1)
2 creatures vanquished.

Notes
Turn   | Place    | Note
-------+----------+-------------------------------------------
     0 | D:1      | jasper the Demonspawn Transmuter began the quest for the
                  | Orb.
     0 | D:1      | Reached XP level 1. HP: 15/15 MP: 3/3
    80 | D:1      | Slain by a kobold

Illustrated notes

Levels and vault maps discovered:
D:1:      elethiomel_arrival_quiet, layout_basic,
          hellmonk_ecumenical_altar_run_dry

Action                   || total
-------------------------++-------
Melee: Unarmed           ||     5
       Headbutt          ||     3
       Kick              ||     1
 Cast: Beastly Appendage ||     2
 Stab: Sleeping          ||     1
Dodge: Dodged            ||     3

Table legend: (Time is in decaauts)
 A = Elapsed time spent in this place.
 B = Non-inter-level travel time spent in this place.
 C = Inter-level travel time spent in this place.
 D = Time resting spent in this place.
 E = Time spent auto-exploring this place.
 F = Levels seen in this place.
 G = Mean time per level.
                   A        B        C        D        E       F      G
               +--------+--------+--------+--------+--------+-----+--------+
         Total |     80 |     80 |      0 |      0 |     61 |   1 |   80.0 |
       Dungeon |     80 |     80 |      0 |      0 |     61 |   1 |   80.0 |
               +--------+--------+--------+--------+--------+-----+--------+

Top non-repeatable levels by time:
     D:1: 80 daAuts
